 Dungeon Crawl Stone Soup version 0.28-a0-691-gad6df49e81 (webtiles) character file.

Game seed: 3912993127378596338

46237 RepHenryClay the Cleaver (level 14, -5/130 HPs)
             Began as a Naga Fighter on Oct 22, 2021.
             Was the Champion of Cheibriados.
             Killed from afar by a Hell Sentinel (43 damage)
             ... with an iron shot
             ... on level 2 of the Abyss on Oct 23, 2021.
             The game lasted 00:50:03 (28490 turns).

RepHenryClay the Cleaver (Naga Fighter)            Turns: 28490, Time: 00:50:04

Health: -5/130     AC: 22    Str: 43    XL:     14   Next: 36%
Magic:  22/22      EV:  5    Int: 26    God:    Cheibriados [******]
Gold:   1596       SH: 17    Dex: 33    Spells: 13/13 levels left

rFire   + . .      SeeInvis +   a - +2 hand axe (freeze)
rCold   . . .      Faith    .   t - +2 kite shield
rNeg    . . .      Spirit   .   v - +0 plate armour
rPois   +          Reflect  .   (helmet restricted)
rElec   .          Harm     .   (no cloak)
rCorr   .          Rampage  .   l - +0 pair of gloves
Will    +....                   c - +1 barding {rF+}
Stlth   ..........              (no amulet)
HPRegen 0.31/turn               p - +6 ring of strength
MPRegen 0.18/turn               I - +6 ring of dexterity

@: about to teleport, studying Stealth, very slow
A: AC +4, large, see invisible, deformed body, poison resistance, slowness 2,
spit poison 1, naga tail 2, horns 1, clever 1
a: Spit Poison, Renounce Religion, Bend Time, Temporal Distortion, Slouch, Step
From Time


You were on level 2 of the Abyss.
You worshipped Cheibriados.
Cheibriados was exalted by your worship.
You visited 4 branches of the dungeon, and saw 20 of its levels.
You visited the Abyss 1 time.

You collected 1879 gold pieces.
You spent 283 gold pieces at shops.

Inventory:

Hand Weapons
 a - a +2 hand axe of freezing (weapon)
 x - a +0 broad axe of flaming
 A - a +4 scimitar of flaming
 C - the +10 whip of Gozag's Condemnation {drain, Str+2}
   (You found it on level 10 of the Dungeon)

   A truly terrible weapon, it drains the life of any living foe it strikes.
   Str:       It affects your strength (+2).
 O - a +0 mace of protection
 P - the +5 trident "Detriof" {vorpal, Will++ rCorr Str+2 Dex-3}
   (You found it on level 10 of the Dungeon)

   It inflicts extra damage upon your enemies.
   Str:       It affects your strength (+2).
   Dex:       It affects your dexterity (-3).
   rCorr:     It protects you from acid and corrosion.
   Will:      It greatly increases your willpower.
Missiles
 m - 8 poisoned darts (quivered)
 n - 6 javelins
 o - a throwing net
Armour
 c - a +1 barding of fire resistance (worn)
 l - a +0 pair of gloves (worn)
 r - a +1 helmet
 t - a +2 kite shield (worn)
 v - a +0 plate armour (worn)
 M - +0 ice dragon scales
Jewellery
 p - a +6 ring of strength (left hand)
 u - a ring of resist corrosion
 I - a +6 ring of dexterity (right hand)
 J - a ring of positive energy
 K - a ring of ice
 N - a ring of positive energy
Wands
 d - a wand of flame (5)
 y - a wand of polymorph (17)
 D - a wand of paralysis (4)
 G - a wand of mindburst (16)
 R - a wand of iceblast (8)
 S - a wand of charming (10)
Scrolls
 b - a scroll of immolation
 f - a scroll of silence
 j - 3 scrolls of enchant weapon
 q - 3 scrolls of magic mapping
 z - a scroll of fog
 E - 2 scrolls of teleportation
 H - a scroll of vulnerability
 Q - a scroll of brand weapon
Potions
 e - 2 potions of flight
 g - a potion of ambrosia
 h - a potion of might
 i - 2 potions of attraction
 k - 3 potions of lignification
 s - 2 potions of magic
 w - a potion of curing
 B - 2 potions of cancellation
 F - a potion of mutation
 L - 2 potions of brilliance


   Skills:
 - Level 9.7 Fighting
 + Level 14.6 Axes
 - Level 9.5 Armour
 - Level 9.0 Shields
 - Level 10.7 Invocations
 - Level 3.0 Evocations


You had 13 spell levels left.
You didn't know any spells.
Your spell library contained the following spells:

 Spells                   Type           Power      Damage    Failure   Level
 Beastly Appendage        Tmut           0%         N/A       47%         1
 Pain                     Necr           0%         1d4       47%         1
 Wereblood                Tmut           0%         N/A       63%         2
 Conjure Flame            Conj/Fire      0%         6-21      85%         3
 Gell's Gravitas          Tloc           0%         N/A       85%         3
 Ignite Poison            Fire/Tmut/Pois 0%         N/A       85%         3
 Lesser Beckoning         Tloc           0%         N/A       85%         3
 Portal Projectile        Hex/Tloc       0%         N/A       85%         3
 Spider Form              Tmut/Pois      0%         N/A       85%         3
 Stone Arrow              Conj/Erth      0%         3d7       85%         3
 Teleport Other           Tloc           0%         N/A       85%         3
 Animate Armour           Summ/Erth      0%         N/A       99%         4
 Sticky Flame             Conj/Fire      0%         2d3       99%         4
 Agony                    Necr           0%         N/A       100%        5
 Blade Hands              Tmut           0%         N/A       100%        5
 Excruciating Wounds      Necr           0%         N/A       100%        5
 Fireball                 Conj/Fire      0%         3d3       100%        5
 Iskenderun's Battlesphe  Conj           0%         2d6       100%        5
 Iron Shot                Conj/Erth      0%         9d1       100%        6
 Starburst                Conj/Fire      0%         6d3       100%        6
 Spellforged Servitor     Conj/Summ      0%         N/A       100%        7
 Ignition                 Fire           0%         3d3       100%        8
 Lehudib's Crystal Spear  Conj/Erth      0%         10d2      100%        8


Dungeon Overview and Level Annotations

Branches:
Dungeon (12/15)            Temple (1/1) D:4            Lair (5/6) D:10
 Shoals (0/4) Lair:3       Spider (0/4) Lair:4          Orc (2/2) D:9
    Elf (0/3) Orc:2
  Slime: Lair:5-6

Altars:
Ashenzari
Cheibriados
Dithmenos
Elyvilon
Fedhas
Gozag
Hepliaklqana
Kikubaaqudgha
Makhleb
Nemelex Xobeh
Okawaru
Qazlal
Ru
Sif Muna
Trog
Uskayaw
Vehumet
Wu Jian
Xom
Yredelemnul
Zin
The Shining One
Lugonu

Shops:
D:6 *

Annotations:
D:4 exclusion: statue
D:7 2 transporters, mdk's ghost, novice KoBr
D:10 1 runed translucent door, porpoise's ghost, journeyman DECj
D:11 2 transporters
Lair:2 1 runed translucent door, Ybbyigh's ghost, journeyman BaIE
Orc:2 1 exclusion


Innate Abilities, Weirdness & Mutations

Your serpentine skin is tough. (AC +4)
You have supernaturally acute eyesight. (SInv)
Armour fits poorly on your strangely shaped body.
Your system is resistant to poisons. (rPois)
You cover ground very slowly.
You can spit poison.
You can use your snake-like lower body to constrict enemies.
You have a pair of small horns on your head.
Your mind is acute. (Int +2)


Message History

You start resting.
A Hell Sentinel comes into view.
The Hell Sentinel roars!
A Hell Sentinel opens the door.
You feel your willpower return. The Hell Sentinel gestures at you.
The sphere of damnation explodes!
The damnation engulfs you!! The Hell Sentinel gestures at you.
The sphere of damnation explodes!
The damnation engulfs you!!
* * * LOW HITPOINT WARNING * * *
As you read the scroll of teleportation, it crumbles to dust.
You feel strangely unstable.
You feel the power of the Abyss delaying your translocation!
Huge Dmg: -42%(-55hp) hp: 33%(42hp)
The Hell Sentinel barely misses you. The Hell Sentinel hits you.
* * * LOW HITPOINT WARNING * * *
You block the Hell Sentinel's attack. The Hell Sentinel hits you.
* * * LOW HITPOINT WARNING * * *
Damage: -3%(-4hp) hp: 30%(38hp) Unknown command.
You slash the Hell Sentinel! You grab the Hell Sentinel.
You headbutt the Hell Sentinel!
The Hell Sentinel is lightly wounded.
You constrict the Hell Sentinel, but do no damage.
You slash the Hell Sentinel!
You headbutt the Hell Sentinel, but do no damage.
The Hell Sentinel is lightly wounded.
You constrict the Hell Sentinel. You block the Hell Sentinel's attack.
The Hell Sentinel hits you but does no damage.
You hit the Hell Sentinel but do no damage.
You headbutt the Hell Sentinel, but do no damage.
The Hell Sentinel is moderately wounded.
You constrict the Hell Sentinel.
You hit the Hell Sentinel but do no damage.
You headbutt the Hell Sentinel, but do no damage.
The Hell Sentinel is moderately wounded.
You constrict the Hell Sentinel. The Hell Sentinel gestures at you.
The iron shot hits you!!!
You die...

#.....#.## .#
##.# . #... .
#.#.## ... ..
.# ...##.
.#... ..
...#.#.#.#_#.
# # . ##'#.#'.
# . #. .
##.#.'#' #. #
#.. #..##.##'
. .# #..
#..@#.#'#....#
.....#.#1# #
.# # ...
#.'#'## .'. .
. #(..##.#. .
.... #...
#.#.#.#.. #...
#'. . . ##.#
### .. .. . ..


You could see a Hell Sentinel.

Vanquished Creatures
  Kirke (Lair:4)
  3 hydras
  A boulder beetle (Lair:4)
  Erica (Orc:1)
  A catoblepas (Lair:4)
  An ogre mage (D:10)
  2 centaur warriors
  A two-headed ogre (D:8)
  5 death yaks
  Urug (D:10)
  A tengu warrior (D:10)
  2 orc high priests (Orc:1)
  4 wizards (D:12)
  A phantasmal warrior (Abyss:2)
  3 orc knights
  An orc sorcerer (Orc:2)
  2 cyclopes
  2 ugly things
  A manticore (D:10)
  The ghost of andesha the Thaumaturge, a novice GrFE of Makhleb (D:5)
  3 black mambas (Lair:4)
  7 cane toads
  2 gargoyles
  3 rime drakes
  A yaktaur (shapeshifter) (D:10)
  8 komodo dragons
  5 trolls
  15 blink frogs
  3 hornets
  2 slime creatures
  6 dream sheep (Lair:5)
  Sigmund (D:2)
  The ghost of AlleluiaPinecone the Ruffian, an amateur VSFi of Hepliaklqana (D:4)
  20 yaks
  The ghost of AttackTheMoon the Skirmisher, an amateur HOAK of Lugonu (D:4)
  2 steam dragons
  4 wyverns
  A basilisk (Lair:2)
  2 hogs (Lair:4)
  2 vampire mosquitoes
  A warg (Orc:2)
  Menkaure (D:5)
  Edmund (D:5)
  An acid dragon (D:11)
  14 water moccasins
  14 orc warriors
  A hornet zombie (D:9)
  2 ice beasts
  A sky beast (D:7)
  4 black bears
  A necrophage (D:5)
  6 ogres
  18 wolves
  9 centaurs
  2 kobold brigands (D:8)
  A phantom (D:5)
  13 bullfrogs
  A gnoll sergeant (D:9)
  5 scorpions
  4 killer bees (D:10)
  4 electric eels
  A howler monkey (D:10)
  A bullfrog zombie (D:5)
  5 centaur zombies
  14 orc priests
  7 hounds
  A gnoll shaman (D:7)
  2 iguanas
  17 orc wizards
  2 hound skeletons
  8 adders
  36 gnolls
  A howler monkey skeleton (D:4)
  A river rat (D:3)
  An ufetubus (D:3)
  An adder skeleton (D:4)
  6 worms
  The ghost of axecop the Sneak, a weakling DsDe (D:3)
  4 dart slugs
  68 orcs
  4 bats (D:1)
  5 endoplasms
  6 giant cockroaches
  38 hobgoblins
  18 kobolds
  4 quokkas
  4 ball pythons
  5 frilled lizards
  35 goblins
  5 rats
529 creatures vanquished.

Vanquished Creatures (others)
  A human (D:3)
  20 fungi
  51 plants
72 creatures vanquished.

Grand Total: 601 creatures vanquished

Notes
Turn   | Place    | Note
-------+----------+-------------------------------------------
     0 | D:1      | RepHenryClay the Naga Fighter began the quest for the Orb.
     0 | D:1      | Reached XP level 1. HP: 21/21 MP: 1/1
    95 | D:1      | Reached XP level 2. HP: 26/28 MP: 2/2
   241 | D:1      | Reached skill level 3 in Axes
   672 | D:1      | Reached XP level 3. HP: 33/34 MP: 3/3
   993 | D:2      | Reached skill level 4 in Axes
  1042 | D:2      | Reached XP level 4. HP: 39/42 MP: 4/4
  1126 | D:2      | Found a faded altar of an unknown god.
  1733 | D:2      | Reached skill level 5 in Axes
  1736 | D:2      | Reached XP level 5. HP: 40/49 MP: 5/5
  1810 | D:2      | Found a sparkling altar of Nemelex Xobeh.
  1845 | D:2      | Noticed Sigmund
  1860 | D:2      | Killed Sigmund
  1861 | D:2      | Reached skill level 6 in Axes
  1861 | D:2      | Reached XP level 6. HP: 24/56 MP: 6/6
  2267 | D:3      | Found a runed translucent door.
  2269 | D:3      | Noticed axecop's ghost (weakling DsDe)
  2517 | D:3      | Found an ancient bone altar of Kikubaaqudgha.
  2707 | D:4      | Reached skill level 7 in Axes
  2711 | D:4      | Found a radiant altar of Vehumet.
  2744 | D:4      | Found a staircase to the Ecumenical Temple.
  2757 | D:4      | Reached XP level 7. HP: 32/62 MP: 7/7
  2760 | Temple   | Entered the Ecumenical Temple
  3404 | D:4      | Found a runed translucent gate.
  3404 | D:4      | Found a runed translucent gate.
  3404 | D:4      | Found a runed translucent gate.
  3404 | D:4      | Noticed AlleluiaPinecone's ghost (amateur VSFi)
  3405 | D:4      | Noticed AttackTheMoon's ghost (amateur HOAK)
  3521 | D:5      | Entered Level 5 of the Dungeon
  3615 | D:5      | Found a runed translucent gate.
  3615 | D:5      | Found a runed translucent gate.
  3615 | D:5      | Found a runed translucent gate.
  3618 | D:5      | Noticed andesha's ghost (novice GrFE)
  3618 | D:5      | Noticed a vampire mosquito
  3643 | D:5      | Noticed Edmund
  3643 | D:5      | Noticed a hornet
  3655 | D:5      | Paralysed by a hornet for 1 turns
  3660 | D:5      | Killed a hornet
  3661 | D:5      | Reached skill level 8 in Axes
  3666 | D:5      | Killed Edmund
  3952 | D:5      | Noticed Menkaure
  3963 | D:5      | Killed Menkaure
  3964 | D:5      | Reached skill level 9 in Axes
  3964 | D:5      | Reached XP level 8. HP: 65/69 MP: 8/8
  4644 | D:5      | Reached skill level 10 in Axes
  5558 | D:6      | Found a shadowy altar of Dithmenos.
  5581 | D:6      | Reached skill level 11 in Axes
  5648 | D:6      | Found a blossoming altar of Fedhas.
  5654 | D:6      | Found Ohemij's Specific Store.
  5656 | D:6      | Found Naoruam's General Store.
  5661 | D:6      | Bought a scroll of magic mapping for 52 gold pieces
  5804 | D:6      | Reached XP level 9. HP: 61/75 MP: 9/9
  6148 | D:7      | Found a hide-covered altar of Uskayaw.
  6148 | D:7      | Found a hazy altar of Hepliaklqana.
  6149 | D:7      | Found a sparkling altar of Nemelex Xobeh.
  6161 | D:7      | Found a burning altar of Makhleb.
  6516 | D:7      | Found a transporter.
  6516 | D:7      | Noticed mdk's ghost (novice KoBr)
  6519 | D:7      | Identified the +6 dire flail of Fundamental Breach {vorpal,
                  | +Blink Fly rF++ Str-2}
  6519 | D:7      | Noticed a two-headed ogre
  6653 | D:7      | Reached skill level 12 in Axes
  7641 | D:6      | Bought a +2 kite shield for 231 gold pieces
  7842 | D:3      | Found a bloodstained altar of Trog.
  7881 | D:3      | Found a broken altar of Ashenzari.
  8374 | D:3      | Found a runed translucent door.
  9059 | D:8      | Noticed a hornet
  9064 | D:8      | Killed a hornet
  9065 | D:8      | Reached skill level 13 in Axes
  9209 | D:8      | Identified the +1 hunting sling "Uddif" {freeze, +Blink
                  | Will++ MP-9 Int+3}
  9293 | D:8      | Noticed a two-headed ogre
  9728 | D:9      | Found a staircase to the Orcish Mines.
 10080 | D:8      | Reached XP level 10. HP: 63/84 MP: 10/10
 10421 | D:8      | Reached skill level 14 in Axes
 11246 | D:9      | Found a shimmering blue altar of Sif Muna.
 11619 | Orc:1    | Entered Level 1 of the Orcish Mines
 11619 | Orc:1    | Noticed an orc high priest
 11641 | D:10     | Entered Level 10 of the Dungeon
 12034 | D:9      | Found a staircase to the Orcish Mines.
 12146 | D:9      | Found a shimmering blue altar of Sif Muna.
 12388 | D:9      | Found a staircase to the Orcish Mines.
 12655 | D:9      | Found a shimmering blue altar of Sif Muna.
 12760 | D:9      | Noticed a centaur warrior
 12761 | D:9      | Noticed a purple ugly thing
 13285 | D:9      | HP: 1/87 [centaur warrior (10)]
 13288 | D:9      | Killed a centaur warrior
 13289 | D:9      | Reached skill level 5 in Fighting
 13666 | D:10     | Found a staircase to the Lair.
 13708 | Lair:1   | Entered Level 1 of the Lair of Beasts
 13724 | D:10     | Reached XP level 11. HP: 64/96 MP: 11/11
 14081 | D:8      | Killed a two-headed ogre
 14082 | D:8      | Reached skill level 5 in Armour
 14082 | D:8      | Reached skill level 5 in Shields
 14578 | D:8      | Found a snail-covered altar of Cheibriados.
 14581 | D:8      | Found a glowing silver altar of Zin.
 14586 | D:8      | Became a worshipper of Cheibriados the Contemplative
 14831 | D:3      | Reached * piety under Cheibriados
 14980 | D:3      | Reached ** piety under Cheibriados
 15108 | D:3      | Reached *** piety under Cheibriados
 15109 | D:3      | Reached skill level 1 in Invocations
 15248 | D:3      | Killed axecop's ghost
 15902 | Lair:1   | Reached skill level 5 in Invocations
 16086 | Lair:1   | Noticed a six-headed hydra
 16101 | Lair:1   | Noticed a cyclops
 16101 | Lair:1   | a six-headed hydra changed into a cyclops
 16107 | Lair:1   | Killed a cyclops
 16949 | D:10     | Noticed Urug
 16970 | D:10     | Killed Urug
 17221 | D:10     | Reached XP level 12. HP: 92/102 MP: 18/18
 17239 | D:10     | Reached **** piety under Cheibriados
 17392 | D:10     | Found a runed translucent door.
 17396 | D:10     | Noticed porpoise's ghost (journeyman DECj)
 17504 | D:10     | Noticed a centaur warrior
 17519 | D:10     | Killed a centaur warrior
 18061 | D:10     | Noticed a tengu warrior
 18087 | D:10     | Killed a tengu warrior
 18088 | D:10     | Reached skill level 10 in Invocations
 19879 | Lair:2   | Gained mutation: Your mind is acute. (Int +2) [potion of
                  | mutation]
 19879 | Lair:2   | Gained mutation: You have a pair of small horns on your
                  | head. [potion of mutation]
 20596 | Lair:2   | Found a runed translucent door.
 20599 | Lair:2   | Noticed Ybbyigh's ghost (journeyman BaIE)
 20599 | Lair:2   | Identified the +6 trident of Sin {vorpal, rN+ Will+ Dex+4}
 20744 | Lair:2   | Noticed a death yak
 20744 | Lair:2   | Noticed a death yak
 20757 | Lair:2   | Killed a death yak
 20768 | Lair:2   | Noticed a death yak
 20771 | Lair:2   | Killed a death yak
 20772 | Lair:2   | Noticed a death yak
 20995 | Lair:2   | Killed a death yak
 21005 | Lair:2   | Killed a death yak
 21373 | Lair:2   | Noticed an eight-headed hydra
 21383 | Lair:2   | Killed an eight-headed hydra
 21384 | Lair:2   | Gained mutation: You can use your snake-like lower body to
                  | constrict enemies. [Naga growth]
 21384 | Lair:2   | Reached XP level 13. HP: 56/117 MP: 15/21
 21716 | Lair:2   | Identified a scroll of acquirement
 21717 | Lair:2   | Acquired a +0 barding of fire resistance
 22447 | Lair:3   | Found a staircase to the Shoals.
 23243 | Lair:4   | Found a hole to the Spider Nest.
 24604 | Lair:5   | Noticed Kirke
 24612 | Lair:4   | Reached ***** piety under Cheibriados
 24714 | Lair:4   | Killed Kirke
 25071 | Orc:2    | Entered Level 2 of the Orcish Mines
 25905 | Orc:2    | Found a staircase to the Elven Halls.
 26116 | Orc:1    | Reached ****** piety under Cheibriados
 26124 | Orc:1    | Reached XP level 14. HP: 110/130 MP: 22/22
 26469 | Orc:1    | Noticed Erica
 26479 | Orc:1    | Killed Erica
 26843 | D:10     | Found an ornate altar of the Wu Jian Council.
 26843 | D:10     | Found a stormy altar of Qazlal.
 26879 | D:10     | Identified the +10 whip of Gozag's Condemnation {drain,
                  | Str+2}
 26883 | D:10     | Identified the +5 trident "Detriof" {vorpal, Will++ rCorr
                  | Str+2 Dex-3}
 27371 | D:11     | Found a transporter.
 27375 | D:11     | Found a transporter.
 28018 | D:4      | Killed AlleluiaPinecone's ghost
 28027 | D:4      | Killed AttackTheMoon's ghost
 28122 | D:5      | Killed andesha's ghost
 28216 | D:7      | Found a transporter.
 28439 | D:12     | Cast into level 2 of the Abyss (a wizard)
 28444 | Abyss:2  | Found a corrupted altar of Lugonu.
 28482 | Abyss:2  | Noticed a Hell Sentinel
 28490 | Abyss:2  | Killed from afar by a Hell Sentinel

Illustrated notes

Levels and vault maps discovered:
D:1:      scummos_arrival_simple_fountains, layout_rooms,
          wander_ebering_terrifying_dragon_lair
D:2:      layout_loops_ring, basic_altar, shapermc_ecumenical_altar_pompeii,
          minmay_split_cup_large, uniq_sigmund
D:3:      minmay_goblin_kobold_castle, layout_basic, tgw_kikubaaqudgha,
          mainiacjoe_overflow_surrounded_room, grunt_ashenzari_visionary
          [grunt_ashenzari_visionary_shoals, grunt_ashenzari_visionary_spider],
          ebering_ghost_sewer_f
D:4:      layout_loops_ring, vehumet_statue, minmay_temple_entry_overgrown,
          gammafunk_ghost_cemetery, serial_bayou_crossing
D:5:      layout_basic, gammafunk_ghost_split, uniq_menkaure, uniq_edmund
D:6:      layout_loops_ring, mainiacjoe_overflow_tiny_flanked,
          overflow_temple_1_default, nicolae_specific_store, hex_medium
D:7:      layout_rooms, mainiacjoe_overflow_catwalk,
          gammafunk_temple_overflow_forgotten, gammafunk_ghost_smash,
          nicolae_water_bricks
D:8:      layout_loops_corners, chequers_temple_overflow_statue_of_worship
D:9:      minmay_chambers_of_sixes, layout_rooms, mainiacjoe_overflow_chevrons,
          minmay_misc_feat_columns
D:10:     layout_long_grid, gammafunk_temple_overflow_elements,
          erik_lair_island, ebering_ghost_inner_flame, minmay_evil_grid,
          uniq_urug
D:11:     gammafunk_boulding_lane, layout_long_grid,
          onia_ninara_dug_in_and_dangerous
D:12:     minmay_wizard_corner, layout_basic
Temple:   corrupted_temple
Lair:1:   layout_cave_shapes, chequers_serial_rivers_room_b, minivault_25,
          st_stairs_4, infiniplex_staircase_pool
Lair:2:   layout_small_grid, ebering_ghost_funeral_grove, minivault_27,
          hangedman_lair_unloving_vines, grunt_megastairs_1
Lair:3:   layout_chaotic_city, elwin_shoals_entry_rooms, grunt_megastairs_2
Lair:4:   layout_cave_pods, nicolae_spider_entry_non_spiders,
          serial_bayou_shore_a
Lair:5:   layout_gridlike, dpeg_slime_entry_corner, minivault_11,
          nicolae_quartered_pool_little, serial_bayou_shore_b,
          lemuel_fruit_tree, uniq_kirke
Orc:1:    layout_caves, uniq_erica
Orc:2:    st_orc_pillars, layout_diamond_mine, mines4_lemuel
Abyss:2:  base:
D:11

Skill      XL: |  1  2  3  4  5  6  7  8  9 10 11 12 13 14 |
---------------+-------------------------------------------+-----
Axes           | 3 4 5 6 7 9 11 13 14 | 14.6
Shields        | 4 5 6 9 |  9.0
Armour         | 4 5 6 8 9 |  9.5
Fighting       | 5 6 8 9 |  9.7
Invocations    | 8 10 | 10.7
Evocations     | 3 |  3.0

Action                   |  1- 3 |  4- 6 |  7- 9 | 10-12 | 13-15 || total
-------------------------+-------+-------+-------+-------+-------++-------
Melee: War axe           |    89 |    60 |       |       |       ||   149
       Hand axe          |       |    40 |   351 |   788 |   371 ||  1550
       Headbutt          |       |       |       |    35 |   160 ||   195
       Flail             |       |       |       |     5 |    12 ||    17
       Constrict         |       |       |       |       |   104 ||   104
Throw: Dart              |       |     7 |    31 |    46 |    25 ||   109
       Throwing net      |       |       |     1 |       |       ||     1
       Javelin           |       |       |       |     2 |     5 ||     7
Invok: Bend Time         |       |       |       |    20 |     4 ||    24
       Temporal Distorti |       |       |       |     1 |       ||     1
       Slouch            |       |       |       |     1 |     1 ||     2
 Abil: Spit Poison       |     4 |    12 |    37 |    38 |     1 ||    92
Evoke: Wand              |       |       |     7 |    23 |     2 ||    32
  Use: Potion            |       |     3 |     5 |     8 |     1 ||    17
       Scroll            |       |     4 |    11 |     6 |     7 ||    28
 Stab: Held in net/web   |       |       |     1 |       |       ||     1
       Invisible         |       |       |       |     3 |       ||     3
       Paralysed         |       |       |       |     4 |       ||     4
Armor: Scale mail        |    47 |    31 |    99 |    51 |       ||   228
       Skin              |       |       |    13 |    28 |       ||    41
       Plate armour      |       |       |       |   292 |   165 ||   457
Dodge: Dodged            |    27 |    26 |    85 |   131 |    41 ||   310
Block: Buckler           |    11 |    19 |    30 |       |       ||    60
       Kite shield       |       |       |    47 |   462 |   249 ||   758

Table legend: (Time is in decaauts)
 A = Elapsed time spent in this place.
 B = Non-inter-level travel time spent in this place.
 C = Inter-level travel time spent in this place.
 D = Time resting spent in this place.
 E = Time spent auto-exploring this place.
 F = Levels seen in this place.
 G = Mean time per level.
                   A        B        C        D        E       F      G
               +--------+--------+--------+--------+--------+-----+--------+
         Total |  40759 |  35924 |   4835 |   8955 |  21860 |  21 | 1940.9 |
       Dungeon |  25978 |  22415 |   3563 |   5759 |  13307 |  12 | 2164.8 |
        Temple |    205 |    189 |     16 |      0 |    178 |   1 |  205.0 |
          Lair |  11406 |  10689 |    717 |   2626 |   6950 |   5 | 2281.2 |
  Orcish Mines |   3086 |   2549 |    537 |    558 |   1424 |   2 | 1543.0 |
         Abyss |     83 |     83 |      0 |     12 |      0 |   1 |   83.0 |
               +--------+--------+--------+--------+--------+-----+--------+

Top non-repeatable levels by time:
     D:9: 4495 daAuts
  Lair:2: 4047 daAuts
    D:10: 4037 daAuts
  Lair:4: 2873 daAuts
     D:8: 2795 daAuts
     D:3: 2627 daAuts
     D:5: 2435 daAuts
  Lair:1: 2243 daAuts
  Lair:3: 2132 daAuts
     D:6: 1855 daAuts
    D:11: 1748 daAuts
     D:4: 1682 daAuts
   Orc:2: 1666 daAuts
     D:2: 1456 daAuts
   Orc:1: 1420 daAuts
